 Dungeon Crawl Stone Soup version 0.31-a0-174-g85c54bcb58 (webtiles) character file.

Game seed: 2565794587075455776

38 qw the Shooter (level 3, -1/32 HPs)
             Began as a Naga Hunter on June 15, 2023.
             Slain by an orc wizard
             ... wielding a +2 dagger of venom
              (3 damage)
             ... on level 2 of the Dungeon.
             The game lasted 00:00:23 (1374 turns).

qw the Shooter (Naga Hunter)                        Turns: 1374, Time: 00:00:23

Health: -1/32      AC:  3    Str: 13    XL:     3   Next: 43%
Magic:  3/3        EV:  9    Int:  9    God:
Gold:   115        SH:  0    Dex: 16    Spells: 2/2 levels left

rFire   . . .        Y - +0 shortbow
rCold   . . .        (shield currently unavailable)
rNeg    . . .        c - +0 leather armour
rPois   +            (no helmet)
rElec   .            h - +0 cloak
rCorr   .            (no gloves)
SInv    +            (no barding)
Will    .....        (no amulet)
Stlth   ++           (no ring)
HPRegen 0.25/turn    (no ring)
MPRegen 0.08/turn

%: no passive effects
@: lethally poisoned (-1 -> -2), short of breath, very slow
A: AC +1, large, see invisible, deformed body, poison resistance, slowness 2,
spit poison 1, naga tail 1
a: Spit Poison


You were on level 2 of the Dungeon.
You visited 1 branch of the dungeon, and saw 3 of its levels.

You collected 115 gold pieces.


Innate Abilities, Weirdness & Mutations

Your serpentine skin is tough. (AC +1)
You have supernaturally acute eyesight. (SInv)
Armour fits poorly on your strangely shaped body.
Your system is resistant to poisons. (rPois)
You cover ground very slowly.
You can spit poison.
You have a snake-like lower body.


   Skills:
 - Level 2.0 Fighting
 + Level 4.7 Ranged Weapons
 - Level 1.5 Dodging
 - Level 1.5 Stealth


You had 2 spell levels left.
You didn't know any spells.
Your spell library was empty.

Inventory:

Hand Weapons
 Y - a +0 shortbow (weapon)
Armour
 c - a +0 leather armour (worn)
 h - a +0 cloak (worn)
Scrolls
 a - a scroll of identify
Potions
 f - a potion of brilliance {unknown}

Dungeon Overview and Level Annotations

Branches:
Dungeon (3/15)

Altars:


Message History

You shoot an arrow. The arrow hits the orc wizard.
The orc wizard is almost dead.
The orc wizard gestures at you while chanting.
You are confused.
The rat closely misses you.
The orc wizard hits you with a +2 dagger of venom.
The rat bites you but does no damage.
The orc wizard hits you with a +2 dagger of venom.
The rat barely misses you. The orc wizard barely misses you. The rat bites you.
You have got your breath back.
The orc wizard hits you with a +2 dagger of venom.
You are poisoned.
The rat bites you.
You feel sick.
The orc wizard hits you with a +2 dagger of venom.
The rat barely misses you.
You feel sick.
The orc wizard gestures at you while chanting.
You resist with some effort. The rat bites you but does no damage.
You feel sick.
The orc wizard hits you but does no damage.
The rat barely misses you.
You feel less confused.
You feel sick. The orc wizard casts a spell at you.
You resist with some effort. The rat bites you but does no damage.
1373 ||| INVOKING Spit Poison.
Aiming: Spit Poison (2% risk of failure)
Press: ? - help, Shift-Dir - straight line, f/p - orc wizard The splash of poison misses the orc wizard.
You feel sick.
The orc wizard hits you with a +2 dagger of venom.
The rat bites you.
You shoot an arrow.
The arrow hits the orc wizard but does no damage.
The orc wizard is almost dead.
You feel sick.
The orc wizard hits you with a +2 dagger of venom.
You die...

#.#)# #.##.##...# #.#.#
#........)# #.#.# ####.####.#
#.#.###### #......# #.#......#
#..###.# ###.######.# #..# #.#
##...######.# #..# #.#
#...........####..# #.#
#..###########@r..# #.# #..#
#o##.# #.# #..# #########.##.#
#.# ####### #..# #............#
#.# #...... #..#
#.#######.#..###.###.#####
#..###.#######........##...##
#.....................#.###.###
#.####.#########..###..(###....
#.# #.# #..# #.......###


You could see an orc wizard and a rat.

Vanquished Creatures
  An adder (D:2)
  A worm (D:2)
  A dart slug (D:2)
  An orc (D:3)
  A ball python (D:1)
  An endoplasm (D:2)
  A giant cockroach (D:2)
  2 goblins (D:2)
  A hobgoblin (D:2)
  2 kobolds
  A quokka (D:1)
  6 bats
  4 rats
23 creatures vanquished.

Notes
Turn   | Place    | Note
-------+----------+-------------------------------------------
     0 | D:1      | qw the Naga Hunter began the quest for the Orb.
     0 | D:1      | Reached XP level 1. HP: 19/19 MP: 1/1
     0 | D:1      | 0 ||| qw: Version: 0.2-a-29-g511e9b1
     0 | D:1      | 0 ||| qw: Game counter: 5456
     0 | D:1      | 0 ||| qw: Always use a shield: true
     0 | D:1      | 0 ||| qw: God list: Okawaru
     0 | D:1      | 0 ||| qw: Allow faded altars: false
     0 | D:1      | 0 ||| qw: Do Orc after D:15 true
     0 | D:1      | 0 ||| qw: Do second Lair branch before Depths: true
     0 | D:1      | 0 ||| qw: Lair rune preference: random
     0 | D:1      | 0 ||| qw: Plans: Normal
     0 | D:1      | 0 ||| PLANNING D:1-11
    19 | D:1      | 19 ||| INVOKING Spit Poison.
   107 | D:1      | 107 ||| INVOKING Spit Poison.
   145 | D:1      | 145 ||| INVOKING Spit Poison.
   212 | D:1      | 212 ||| INVOKING Spit Poison.
   213 | D:1      | Reached skill level 4 in Ranged Weapons
   213 | D:1      | Reached XP level 2. HP: 26/26 MP: 2/2
   356 | D:1      | 356 ||| INVOKING Spit Poison.
   465 | D:1      | 465 ||| INVOKING Spit Poison.
   566 | D:1      | 566 ||| UPGRADING to +0 cloak.
   571 | D:1      | 571 ||| READING 2 scrolls labelled FOEQUY BUJINUY.
   572 | D:1      | 572 ||| READING 2 scrolls labelled AVVIUD GOTI.
   573 | D:1      | 573 ||| READING 3 scrolls labelled ROTATO RO CUU.
   574 | D:1      | 574 ||| DROPPING scroll of butterflies.
   575 | D:1      | 575 ||| DROPPING scroll of vulnerability.
   576 | D:1      | 576 ||| DROPPING 2 scrolls of poison.
   605 | D:2      | 605 ||| INVOKING Spit Poison.
   701 | D:2      | 701 ||| INVOKING Spit Poison.
   707 | D:2      | 707 ||| INVOKING Spit Poison.
   734 | D:2      | 734 ||| INVOKING Spit Poison.
   778 | D:2      | 778 ||| INVOKING Spit Poison.
   790 | D:2      | 790 ||| INVOKING Spit Poison.
   796 | D:2      | 796 ||| INVOKING Spit Poison.
   797 | D:2      | Reached XP level 3. HP: 32/32 MP: 3/3
   833 | D:2      | 833 ||| INVOKING Spit Poison.
   857 | D:2      | 857 ||| INVOKING Spit Poison.
  1301 | D:2      | 1301 ||| READING scroll labelled IXZYOGR PEPP.
  1302 | D:2      | 1302 ||| READING scroll labelled TIOLOU DIUCILE.
  1303 | D:2      | 1303 ||| READING 2 scrolls of identify.
  1303 | D:2      | 1303 ||| IDENTIFYING yellow potion
  1304 | D:2      | 1304 ||| DROPPING potion of degeneration.
  1355 | D:3      | 1355 ||| INVOKING Spit Poison.
  1360 | D:3      | 1360 ||| INVOKING Spit Poison.
  1361 | D:3      | 1361 ||| STAIRDANCE
  1363 | D:2      | 1363 ||| INVOKING Spit Poison.
  1364 | D:2      | 1364 ||| INVOKING Spit Poison.
  1373 | D:2      | 1373 ||| INVOKING Spit Poison.
  1373 | D:2      | HP: 8/32 [poisoned by an orc wizard]
  1373 | D:2      | HP: 3/32 [rat (2)]
  1374 | D:2      | Slain by an orc wizard

Levels and vault maps discovered:
D:1:      scummos_arrival_forest, layout_basic
D:2:      layout_loops_ring, nicolae_figureground_pulse
D:3:      layout_rooms, nicolae_dithmenos_shadow_blocks,
          okawaru_metal_pillars_1_2, chequers_temple_overflow_statue_of_worship

Skill      XL: |  1 |
---------------+----+-----
Ranged Weapons | 4 |  4.7
Fighting       | |  2.0
Dodging        | |  1.5
Stealth        | |  1.5

Action                     || total
---------------------------++-------
   Fire: Shortbow          ||    40
Ability: Spit Poison       ||    19
    Use: Scroll            ||     6
 Armour: Leather armour    ||    10
  Dodge: Dodged            ||    17

Table legend:
 A = Non-vault XP
 B = Vault XP
 C = Vault XP percentage of total XP
 D = Non-vault monster count
 E = Vault monster count
 F = Vault count percentage of total count
                 A         B        C        D         E       F
            +---------+---------+-------+---------+---------+-------
      Total |      55 |       0 |   0.0 |      23 |       0 |   0.0
            +---------+---------+-------+---------+---------+-------
        D:1 |      13 |       0 |   0.0 |       8 |       0 |   0.0
        D:2 |      39 |       0 |   0.0 |      14 |       0 |   0.0
        D:3 |       3 |       0 |   0.0 |       1 |       0 |   0.0
            +---------+---------+-------+---------+---------+-------
